 Dungeon Crawl Stone Soup version 0.24.0-124-g2791043dd8 (webtiles) character file.

Game seed: 2877487682956840556, levelgen mode: deterministic

10059 Esekla the Spear-Bearer (level 11, -5/99 HPs)
             Began as a Minotaur Summoner on Feb 14, 2020.
             Was a Believer of the Shining One.
             Slain by a polar bear (11 damage)
             ... in an ice cave on Feb 15, 2020.
             The game lasted 01:54:47 (12962 turns).

Esekla the Spear-Bearer (Minotaur Summoner)        Turns: 12962, Time: 01:54:47

Health: -5/99      AC:  9    Str: 18    XL:     11   Next: 31%
Magic:  0/12       EV: 16    Int: 12    God:    the Shining One [**....]
Gold:   392        SH: 10    Dex: 15    Spells: 11/12 levels left

rFire    . . .     SeeInvis .   v - +1 trident
rCold    + + +     Gourm    .   (no shield)
rNeg     + . .     Faith    .   E - +1 ring mail {rC+}
rPois    .         Spirit   +   (helmet unavailable)
rElec    .         Reflect  .   K - scarf {Spirit}
rCorr    .         Harm     .   A - +0 pair of gloves
MR       .....     Clarity  +   (no boots)
Stlth    ..........             (no amulet)
HPRegen  0.26/turn              y - ring of protection from cold
MPRegen  0.13/turn              M - ring "Udwenao" {rC+ Str+4 Dex+2 Stlth-}

@: divine shield, glowing
A: retaliatory headbutt, hooves 1, horns 3, large bone plates 1, clarity
a: Divine Shield, Renounce Religion


You were in an ice cave.
You worshipped the Shining One.
The Shining One was pleased with you.
You were hungry.

You visited 2 branches of the dungeon, and saw 11 of its levels.
You also visited: Ossuary and Ice Cave.

You collected 554 gold pieces.
You spent 162 gold pieces at shops.

Inventory:

Hand Weapons
 e - a +4 short sword
 h - a +0 long sword
 q - a +2 mace of venom
 s - the +6 war axe of Fate {drain, +Rage +Fly MR+}
   (You found it on level 7 of the Dungeon)

   A truly terrible weapon, it drains the life of those it strikes.
   It affects your resistance to hostile enchantments.
   It lets you fly.
   It lets you go berserk.
   The Shining One disapproves of the use of such an item.
 v - a +1 trident (weapon)
 B - a +2 flail of protection
Missiles
 u - 12 boomerangs (quivered)
Armour
 k - a +0 chain mail
 A - a +0 pair of gloves (worn)
 E - a +1 ring mail of cold resistance (worn)
 G - a +0 plate armour
 J - a +0 cloak
 K - a scarf of spirit shield (worn)
Magical Staves
 r - an uncursed staff of air {unknown}
Jewellery
 a - an uncursed ring of see invisible
 y - a ring of protection from cold (left hand)
 M - the ring "Udwenao" (right hand) {rC+ Str+4 Dex+2 Stlth-}
   (You found it on level 11 of the Dungeon)

   [ring of attention]

   It affects your strength (+4).
   It affects your dexterity (+2).
   It protects you from cold.
   It makes you less stealthy.
 P - an uncursed ring of teleportation
Wands
 o - a wand of digging (5)
 x - a wand of flame (7)
 I - a wand of iceblast (8)
 L - a wand of acid (12)
 O - a wand of disintegration (11)
Scrolls
 f - a scroll of fear
 g - 7 scrolls of teleportation
 j - 2 scrolls of amnesia
 m - 5 scrolls of identify
 p - 3 scrolls of fog
 t - 2 scrolls of blinking
 C - a scroll of remove curse
 D - 3 scrolls of immolation
 H - a scroll of enchant weapon
 N - a scroll of noise
Potions
 b - a potion of magic
 d - a potion of cancellation
 i - a potion of invisibility
 l - a potion of haste
 n - 2 potions of curing
 w - a potion of mutation
 z - 3 potions of brilliance
Comestibles
 c - 12 rations


   Skills:
 * Level 10.1 Fighting
 + Level 3.8 Short Blades
 - Level 0.1 Maces & Flails
 + Level 12.3 Polearms
 - Level 2.3 Throwing
 + Level 8.3 Armour
 * Level 8.5 Dodging
 - Level 2.0 Stealth
 - Level 1.3 Spellcasting
 - Level 2.9 Summonings
 + Level 1.7 Evocations


You had 11 spell levels left.
You knew the following spells:

 Your Spells              Type           Power        Failure   Level  Hunger
a - Summon Small Mammal   Summ           #...         14%         1    ##.....

Your spell library contained the following spells:

 Spells                   Type           Power        Failure   Level  Hunger
 Call Imp                 Summ           #.......     22%         2    ###....
 Call Canine Familiar     Summ           #.......     38%         3    ####...
 Corona                   Hex            #......      43%         1    ##.....
 Magic Dart               Conj           #...         43%         1    ##.....
 Blink                    Tloc           N/A          56%         2    ###....
 Ensorcelled Hibernation  Hex/Ice        #.....       56%         2    ###....
 Slow                     Hex            #.......     56%         2    ###....
 Summon Guardian Golem    Hex/Summ       #.......     58%         3    ####...
 Confuse                  Hex            #.......     80%         3    ####...
 Conjure Flame            Conj/Fire      #.......     80%         3    ####...
 Dazzling Spray           Conj/Hex       #.....       80%         3    ####...
 Mephitic Cloud           Conj/Pois/Air  #.......     80%         3    ####...
 Tukima's Dance           Hex            #.......     80%         3    ####...
 Summon Ice Beast         Ice/Summ       #.......     94%         4    #####..
 Summon Lightning Spire   Summ/Air       #.......     94%         4    #####..


Dungeon Overview and Level Annotations

Branches:
Dungeon (11/15)            Temple (1/1) D:6         Ossuary (visited)
  IceCv (1/1)
   Lair: D:8-11         Orc: D:9-12

Altars:
Cheibriados
Dithmenos
Elyvilon
Fedhas
Gozag
Hepliaklqana
Kikubaaqudgha
Makhleb
Okawaru
Qazlal
Ru
Sif Muna
Trog
Uskayaw
Vehumet
Wu Jian
Xom
Yredelemnul
Zin
The Shining One

Shops:
D:4 *   D:7 (


Innate Abilities, Weirdness & Mutations

You reflexively headbutt those who attack you in melee.
You have a pair of large horns on your head.
You have large cloven feet.
You are partially covered in large bone plates. (SH +4)
You possess an exceptional clarity of mind.


Message History

You headbutt the polar bear. The polar bear claws you.
* * * LOW HITPOINT WARNING * * *
You block the polar bear's attack. The polar bear barely misses you.
The polar bear claws you but does no damage.
The polar bear misses you. The polar bear bites you.
* * * LOW HITPOINT WARNING * * *
You block the polar bear's attack. x2; The polar bear bites you.
* * * LOW HITPOINT WARNING * * *
The polar bear claws you.
* * * LOW HITPOINT WARNING * * *
The polar bear closely misses you. The rime drake closely misses you.
You see here 13 gold pieces.
Okay, then.
The ice encasing you melts away. The polar bear bites you!
* * * LOW HITPOINT WARNING * * *
The polar bear claws you but does no damage. x2
The polar bear bites you!
You die...

##.##.##
##....#
#..###.#
#.....###
...###h##
#.......#
..#..##.#
......$#
..#.###.#
..##...$#
.###.≈#C##..#
##.$$# .#
##≈#.k..#
#$$$$# ##
≈#≈≈##.##


#khh)# ##≈≈≈≈≈≈### ##@|.# .##≈≈≈≈≈# #[[=# .#≈≈≈≈≈≈≈ ##)## #≈≈≈≈≈≈≈≈≈ ###
#≈≈≈≈≈≈≈≈≈≈ ≈≈#≈≈≈≈≈# ≈###≈≈≈### ## ####.# ## #...#### You could see 2 polar
bears and a rime drake.

Vanquished Creatures
  A cyclops (D:11)
  An ice statue (IceCv)
  2 ice devils (D:11)
  12 polar bears (IceCv)
  18 yaks
  Edmund (D:4)
  2 orc warriors
  A sky beast (D:7)
  A black bear (D:6)
  4 ogres
  A centaur (D:5)
  17 wolves (IceCv)
  2 bullfrogs
  A water moccasin zombie (D:6)
  5 scorpions
  2 howler monkeys (D:6)
  2 crimson imps
  A centaur zombie (D:6)
  3 hounds
  2 jellies
  2 orc priests (D:5)
  6 orc wizards
  2 bullfrog skeletons (D:5)
  2 iguanas
  Natasha (twice) (D:2)
  7 worker ants
  2 big kobold zombies (Ossuary)
  A hound skeleton (D:6)
  2 hound zombies
  2 mummies (Ossuary)
  A worker ant zombie (D:5)
  A howler monkey zombie (D:7)
  Robin (D:4)
  7 adders
  2 oozes
  2 adder zombies
  2 adder skeletons
  2 worms (D:2)
  3 dart slugs (D:1)
  4 leopard geckos
  25 orcs
  2 ball pythons (D:2)
  8 bats
  3 giant cockroaches
  11 hobgoblins
  2 jackals (D:1)
  7 kobolds
  5 quokkas
  3 frilled lizards
  14 goblins
  5 goblin zombies (Ossuary)
  9 hobgoblin zombies (Ossuary)
  A jackal skeleton (D:6)
  4 jackal zombies (Ossuary)
  5 kobold zombies (Ossuary)
  11 orc zombies (Ossuary)
  8 rats
255 creatures vanquished.

Vanquished Creatures (others)
  3 wolves (IceCv)
  A fungus (D:7)
4 creatures vanquished.

Grand Total: 259 creatures vanquished

Notes
Turn   | Place    | Note
-------+----------+-------------------------------------------
     0 | D:1      | Esekla the Minotaur Summoner began the quest for the Orb.
     0 | D:1      | Reached XP level 1. HP: 14/14 MP: 1/1
   522 | D:2      | Noticed Natasha
   731 | D:1      | Reached skill level 1 in Armour
   731 | D:1      | Reached XP level 2. HP: 22/22 MP: 3/3
   864 | D:1      | Reached skill level 1 in Fighting
  1226 | D:1      | Reached XP level 3. HP: 25/28 MP: 4/4
  1366 | D:2      | Reached skill level 1 in Throwing
  2207 | D:2      | Found a burning altar of Makhleb.
  2670 | D:2      | Reached skill level 1 in Polearms
  2796 | D:3      | Reached XP level 4. HP: 36/36 MP: 5/5
  2824 | D:3      | Found a basalt altar of Yredelemnul.
  3129 | D:2      | Reached skill level 2 in Polearms
  3418 | D:2      | Found an ancient bone altar of Kikubaaqudgha.
  3714 | D:2      | Killed Natasha
  3852 | D:2      | Noticed Natasha
  3858 | D:2      | Killed Natasha
  3858 | D:2      | Reached skill level 3 in Polearms
  3858 | D:2      | Reached XP level 5. HP: 18/41 MP: 6/6
  4240 | D:4      | Found Zeopoteb's General Store.
  4568 | D:3      | Found a faded altar of an unknown god.
  5276 | D:4      | Noticed an ogre
  5292 | D:4      | Noticed Robin
  5309 | D:4      | Killed Robin
  5309 | D:4      | Reached XP level 6. HP: 45/50 MP: 7/7
  5326 | D:4      | Reached skill level 4 in Polearms
  5594 | D:4      | Found an ornate altar of the Wu Jian Council.
  5595 | D:4      | Noticed Edmund
  5925 | D:4      | Bought a potion of heal wounds for 65 gold pieces
  5925 | D:4      | Bought a scroll of blinking for 97 gold pieces
  5998 | D:4      | Killed Edmund
  6198 | D:4      | Reached skill level 5 in Polearms
  6214 | D:4      | Reached XP level 7. HP: 54/57 MP: 8/8
  6826 | D:5      | Entered Level 5 of the Dungeon
  6843 | D:5      | Reached skill level 6 in Polearms
  7028 | D:5      | Reached XP level 8. HP: 66/66 MP: 9/9
  7041 | D:5      | Found a bloodstained altar of Trog.
  7095 | D:5      | Reached skill level 1 in Evocations
  7165 | D:5      | Reached skill level 7 in Polearms
  7201 | D:5      | Found a sand-covered staircase.
  7205 | Ossuary  | Entered an ossuary
  7629 | D:5      | Gained mutation: You possess an exceptional clarity of
                  | mind. [potion of mutation]
  7629 | D:5      | Gained mutation: You expend magic power (3 MP) to
                  | strengthen your wands. [potion of mutation]
  7629 | D:5      | Gained mutation: You are partially covered in large bone
                  | plates. (SH +4) [potion of mutation]
  7629 | D:5      | Gained mutation: You evolve. [potion of mutation]
  7648 | D:5      | Found a shadowy altar of Dithmenos.
  7989 | D:6      | Found a staircase to the Ecumenical Temple.
  8004 | D:6      | Reached skill level 5 in Dodging
  8024 | D:6      | Reached skill level 8 in Polearms
  8074 | Temple   | Entered the Ecumenical Temple
  8167 | Temple   | Became a worshipper of the Shining One
  8369 | D:6      | Reached skill level 5 in Fighting
  8369 | D:6      | Reached skill level 5 in Armour
  8385 | D:5      | Reached skill level 9 in Polearms
  8468 | D:5      | Gained mutation: You have large cloven feet. [evolution]
  8614 | D:5      | Lost mutation: You expend magic power (3 MP) to strengthen
                  | your wands. [potion of mutation]
  8614 | D:5      | Gained mutation: Armour fits poorly on your strangely
                  | shaped body. [potion of mutation]
  8614 | D:5      | Lost mutation: Armour fits poorly on your strangely shaped
                  | body. [potion of mutation]
  8614 | D:5      | Gained mutation: You have a pair of large horns on your
                  | head. [potion of mutation]
  8629 | D:5      | Reached XP level 9. HP: 49/74 MP: 10/10
  9153 | D:7      | Found a white marble altar of Elyvilon.
  9632 | D:7      | Found Tiziteuz's Antique Weapon Boutique.
  9692 | D:7      | Got a twisted war axe
  9723 | D:7      | Reached * piety under the Shining One
  9736 | D:7      | Identified the +6 war axe of Fate {drain, +Rage +Fly MR+}
                  | (You found it on level 7 of the Dungeon)
  9765 | D:7      | Reached skill level 1 in Short Blades
  9995 | D:6      | Lost mutation: You evolve. [evolution]
 10445 | D:6      | Reached skill level 10 in Polearms
 10449 | D:6      | Found a glowing silver altar of Zin.
 10450 | D:6      | Found a shimmering altar of Xom.
 10450 | D:6      | Noticed an angel
 10884 | D:8      | You fall into a shaft and drop 3 floors!
 10967 | D:10     | Entered Level 10 of the Dungeon
 11065 | D:11     | Noticed a cyclops
 11080 | D:11     | Killed a cyclops
 11140 | D:11     | Got a shimmering wooden ring
 11148 | D:10     | Noticed a two-headed ogre
 11150 | D:11     | Identified the ring "Udwenao" {rC+ Str+4 Dex+2 Stlth-} (You
                  | found it on level 11 of the Dungeon)
 11268 | D:11     | Noticed an ice devil
 11271 | D:11     | Noticed an ice devil
 11276 | D:11     | Killed an ice devil
 11276 | D:11     | Reached XP level 10. HP: 86/86 MP: 11/11
 11281 | D:11     | Found a frozen archway.
 11290 | IceCv    | Entered an ice cave
 11520 | IceCv    | Noticed an ice statue
 11674 | IceCv    | Killed an ice statue
 11737 | IceCv    | Reached skill level 11 in Polearms
 12296 | IceCv    | Reached XP level 11. HP: 91/97 MP: 12/12
 12342 | IceCv    | Reached ** piety under the Shining One
 12351 | IceCv    | Reached skill level 12 in Polearms
 12579 | IceCv    | Reached skill level 10 in Fighting
 12916 | IceCv    | Noticed a frost giant
 12962 | IceCv    | Slain by a polar bear

Levels and vault maps discovered:
D:1:      dpeg_arrival_arbitrary_a, layout_basic, minmay_quantized
D:2:      layout_loops_ring, marbit_many_paths, bloody_makhleb, uniq_natasha
D:3:      layout_loops_ring, yredelemnul_altar_generic,
          chequers_ecumenical_altar_simple_redux, first_ration
D:4:      layout_loops_corners, kennysheep_mini_moat, serial_shops,
          nicolae_shop_crystal, minmay_small_thing, uniq_edmund, uniq_robin
D:5:      layout_basic, overflow_temple_1_default, bloody_trog,
          nicolae_ossuary_entry_false_entrances
D:6:      layout_loops_ring, grunt_temple_overflow_order_and_chaos_1,
          minmay_temple_entry_waves, hex_tiny
D:7:      old_forge, layout_loops_ring, lemuel_round_altar, serial_undead,
          serial_undead_f, serial_undead_e, serial_undead_d, serial_undead_d,
          serial_shops, shop
D:8:      wad_lake_hut, layout_layer_cave, the_bakery, uniq_grum
D:10:     layout_basic, zombieorc1_lemuel
D:11:     layout_basic, portal_ice_cave_demonic_guard
Temple:   minmay_freezing_vapour_temple
IceCv:    ice_cave_caverns_02

Skill      XL: |  1  2  3  4  5  6  7  8  9 10 11 |
---------------+----------------------------------+-----
Armour         | 1 2 3 4 5 7 8 |  8.3
Fighting       | 1 2 3 4 5 7 9 10 | 10.1
Throwing       | 1 2 |  2.3
Polearms       | 1 3 5 6 9 10 11 12 | 12.3
Dodging        | 3 4 5 6 8 |  8.5
Stealth        | 2 |  2.0
Evocations     | 1 |  1.7
Short Blades   | 3 |  3.8
Maces & Flails | |  0.1
Spellcasting   | |  1.3
Summonings     | |  2.9

Action                   |  1- 3 |  4- 6 |  7- 9 | 10-12 || total
-------------------------+-------+-------+-------+-------++-------
Melee: Unarmed           |    30 |       |       |       ||    30
       Club              |    21 |       |       |       ||    21
       Headbutt          |     9 |    26 |    65 |    71 ||   171
       Dagger            |    12 |       |       |       ||    12
       Spear             |    78 |    71 |       |       ||   149
       Long sword        |     2 |       |       |       ||     2
       Trident           |       |   133 |   359 |   252 ||   744
       Rapier            |       |     1 |       |       ||     1
       Short sword       |       |       |    40 |       ||    40
       Kick              |       |       |    35 |    87 ||   122
Throw: Stone             |    51 |     9 |       |       ||    60
       Boomerang         |       |    25 |    86 |    18 ||   129
       Dart              |       |       |    14 |       ||    14
Invok: Divine Shield     |       |       |       |     1 ||     1
Evoke: Wand              |       |     4 |     8 |     2 ||    14
  Use: Potion            |     1 |       |    10 |     3 ||    14
       Scroll            |       |     5 |    14 |     3 ||    22
 Stab: Sleeping          |     3 |     2 |       |       ||     5
       Invisible         |     1 |       |       |       ||     1
  Eat: Chunk             |     6 |    11 |     6 |     5 ||    28
       Ration            |       |       |     3 |       ||     3
Armor: Leather armour    |    30 |    17 |       |       ||    47
       Chain mail        |       |    30 |   124 |       ||   154
       Ring mail         |       |       |       |    67 ||    67
Dodge: Dodged            |    64 |    74 |   100 |   149 ||   387
Block: Other             |       |       |    26 |    43 ||    69
